 Dungeon Crawl Stone Soup version 0.19.1-1-g22dce08 (webtiles) character file.

621869 RKaid the Shatterer (level 27, -7/193 HPs)
             Began as a Gargoyle Gladiator on Jan 17, 2017.
             Was the Champion of Okawaru.
             Killed from afar by a hellion (37 damage)
             ... with damnation
             ... summoned by Wuvisoch
             ... on level 8 of the Dungeon on Jan 19, 2017.
             The game lasted 04:08:39 (74406 turns).

RKaid the Shatterer (Gargoyle Gladiator)           Turns: 74406, Time: 04:08:40

Health: -7/193     AC: 70    Str: 29 (30) XL:     27
Magic:  28/31      EV: 22    Int:  9 (11) God:    Okawaru [******]
Gold:   3722       SH: 14    Dex: 18 (19) Spells: 4 memorised, 20 levels left

rFire  + + +     SeeInvis +     b - +8 demon whip (flame)
rCold  . . .     Gourm    .     L - +0 crystal plate armour of Woocw {rCorr}
rNeg   + . .     Faith    .     V - +3 warlock's mirror {reflect}
rPois  ∞         Spirit   .     g - +4 hat of the Last Planets {rF++}
rElec  +         Reflect  +     J - +2 cloak of the Pink Corner {rCorr}
rCorr  +         Harm     .     t - +2 pair of gloves {Str+3}
MR     +++..     Rnd*Rage +     y - +2 pair of boots of Dramatic Exits {+Inv SInv}
Stlth  ..........               E - +6 amulet of reflection
                                U - ring "Sogaf" {rF+ AC+3}
                                T - ring "Qupinafa" {MR+ Dex+3 Slay+5}

@: agile, flying, very slightly contaminated
A: big wings, berserk 1, clumsy 1, deterioration 1, negative energy resistance
1, electricity resistance, unbreathing, petrification resistance, no device heal
1, rot immunity, subdued magic 1, MP-powered wands, AC +20
a: Stop Flying, Heroism, Finesse, Renounce Religion, Evoke Invisibility
0: Orb of Zot
}: 3/15 runes: serpentine, barnacled, silver


You were on level 8 of the Dungeon.
You worshipped Okawaru.
Okawaru was exalted by your worship.
You were hungry.

You visited 10 branches of the dungeon, and saw 50 of its levels.
You visited the Abyss 1 time.
You also visited: Labyrinth, Bailey and Volcano.

You collected 6881 gold pieces.
You spent 3159 gold pieces at shops.

Inventory:

Hand Weapons
 a - the +4 eveningstar "Orb Guardian's Death" {venom, +Rage +Inv rPois Int-2}
   (Okawaru gifted it to you on level 4 of the Shoals)

   It poisons the flesh of those it strikes.
   It affects your intelligence (-2).
   It protects you from poison.
   It lets you turn invisible.
   It lets you go berserk.
 b - a +8 demon whip of flaming (weapon)
   (You acquired it on level 2 of the Snake Pit)
 Y - the +6 great mace of Defenestration {drain, rC+ MR++ Str-3 SInv}
   (Okawaru gifted it to you in a volcano)

   A truly terrible weapon, it drains the life of those it strikes.
   It affects your strength (-3).
   It protects you from cold.
   It affects your resistance to hostile enchantments.
   It lets you see invisible.
Armour
 g - the +4 hat of the Last Planets (worn) {rF++}
   (Okawaru gifted it to you on level 3 of the Shoals)

   It greatly protects you from fire.
 k - a +10 plate armour of ponderousness
   (Okawaru gifted it to you on level 5 of the Lair of Beasts)
 n - the +7 plate armour "Gygual" {rPois Dex+4}
   (You found it on level 5 of the Vaults)

   It affects your dexterity (+4).
   It protects you from poison.
 s - a +2 pair of boots of running
   (Okawaru gifted it to you on level 2 of the Depths)
 t - a +2 pair of gloves of strength (worn)
   (You bought it in a shop on level 5 of the Dungeon)
 y - the +2 pair of boots of Dramatic Exits (worn) {+Inv SInv}
   (You bought it in a shop on level 2 of the Orcish Mines)

   It lets you see invisible.
   It lets you turn invisible.
 J - the +2 cloak of the Pink Corner (worn) {rCorr}
   (Okawaru gifted it to you on level 3 of the Depths)

   It protects you from acid and corrosion.
 L - the +0 crystal plate armour of Woocw (worn) {rCorr}
   (Okawaru gifted it to you on level 5 of the Depths)

   It protects you from acid and corrosion.
 V - the +3 warlock's mirror (worn) {reflect}
   (You found it on level 6 of the Lair of Beasts)
 Z - the +1 pair of boots of Resonance {rF+++ MR+ Regen+ Str-4}
   (Okawaru gifted it to you on level 1 of the Vaults)

   It affects your strength (-4).
   It renders you almost immune to fire.
   It affects your resistance to hostile enchantments.
   It increases your rate of regeneration.
Jewellery
 E - a +6 amulet of reflection (around neck)
   (You bought it in a shop on level 2 of the Orcish Mines)
 G - the ring of Cusom {+Blink rN+ Dex+3}
   (You bought it in a shop on level 5 of the Dungeon)

   [ring of positive energy]

   It affects your dexterity (+3).
   It protects you from negative energy.
   It lets you blink.
 I - an uncursed amulet of regeneration {+regen}
   (You took it off an ironbrand convoker on level 5 of the Vaults)
 T - the ring "Qupinafa" (left hand) {MR+ Dex+3 Slay+5}
   (You bought it in a shop on level 2 of the Orcish Mines)

   [ring of protection from magic]

   It affects your dexterity (+3).
   It affects your accuracy and damage with ranged weapons and melee attacks
   (+5).
   It affects your resistance to hostile enchantments.
 U - the ring "Sogaf" (right hand) {rF+ AC+3}
   (You found it on level 6 of the Lair of Beasts)

   [ring of protection]

   It affects your AC (+3).
   It protects you from fire.
Wands
 d - a wand of heal wounds (0/9)
   (You found it on level 2 of the Lair of Beasts)
 e - a wand of teleportation (2/9)
   (You acquired it on level 1 of the Depths)
 q - a wand of digging (11/24)
   (You found it on level 1 of the Shoals)
 z - a wand of teleportation (4/9)
   (You took it off a centaur warrior on level 15 of the Dungeon)
 P - a wand of disintegration (7/24)
   (You found it on level 5 of the Lair of Beasts)
 X - a wand of heal wounds (0/9)
   (You took it off Erolcha on level 11 of the Dungeon)
Scrolls
 h - 19 scrolls of remove curse
 i - 17 scrolls of identify
 p - 14 scrolls of teleportation
 w - 5 scrolls of magic mapping {!r}
 A - a scroll of enchant weapon
 D - a scroll of silence
 H - a scroll of summoning
 N - 5 scrolls of fog
 O - 8 scrolls of fear
Potions
 j - 6 potions of agility
 l - a potion of cancellation
 o - 2 potions of curing
 r - a potion of might
 v - 7 potions of lignification {!q}
 x - 4 potions of resistance
 F - 4 potions of invisibility
 M - a potion of haste
Miscellaneous
 c - 2 sacks of spiders
 C - 2 boxes of beasts
 K - a phantom mirror
 R - a lamp of fire
   (You found it on level 4 of the Shoals)
Comestibles
 f - 8 bread rations
 m - 2 slices of pizza
 u - 21 meat rations


   Skills:
 - Level 25.0 Fighting
 + Level 26.0 Maces & Flails
 - Level 1.7 Throwing
 - Level 25.7 Armour
 + Level 14.6 Dodging
 - Level 4.2 Shields
 - Level 8.8 Invocations
 - Level 11.0 Evocations


You had 20 spell levels left.
You knew the following spells:

 Your Spells              Type           Power        Failure   Level  Hunger
g - Apportation           Tloc           #.........   99%         1    ##.....
A - Summon Butterflies    Summ           #.......     99%         1    ##.....
B - Blink                 Tloc           N/A          100%        2    ###....
E - Repel Missiles        Chrm/Air       #.....       100%        2    ###....


Dungeon Overview and Level Annotations

Branches:
Dungeon (15/15)            Temple (1/1) D:7            Lair (6/6) D:8
 Shoals (4/4) Lair:4        Snake (4/4) Lair:2        Slime (3/5) Lair:6
    Orc (2/2) D:12            Elf (0/3) Orc:2        Vaults (5/5) D:13
  Crypt (0/3) Vaults:3     Depths (5/5) D:15            Zot (5/5) Depths:5

Altars:
Ashenzari
Cheibriados
Dithmenos
Elyvilon
Fedhas
Gozag
Hepliaklqana
Kikubaaqudgha
Makhleb
Nemelex Xobeh
Okawaru
Qazlal
Ru
Sif Muna
Trog
Uskayaw
Vehumet
Xom
Yredelemnul
Zin
The Shining One
Beogh
Jiyva

Shops:
D:4 =   D:5 *[?(   D:11 [=?*(   Orc:2 =([==%   Snake:3 [   Vaults:1 ?
Vaults:2 (   Vaults:3 !   Depths:2 *

Portals:
Hell: Depths:1 Depths:2 Depths:3 Depths:4
Abyss: Depths:1 Depths:4
Pandemonium: Depths:2 Depths:3
Ziggurat: Depths:3
Bazaar: Shoals:2

Annotations:
D:4 Sigmund
Lair:3 exclusion: oklob plant
Shoals:2 exclusion: 2 oklob plants
Zot:4 exclusion: upstairs


Innate Abilities, Weirdness & Mutations

You are resistant to torment.
Your stone body is resilient. (AC +20)
You are immune to poison.
Your large and strong wings let you fly indefinitely.
You resist negative energy. (rN+)
You are resistant to electric shocks. (rElec)
You can survive without breathing.
You are immune to petrification.
You are immune to rotting.
You tend to lose your temper in combat.
You are clumsy. (Dex -2)
Your body sometimes deteriorates upon taking damage.
Potions and wands are less effective at restoring your health.
Your spells are a little easier to cast, but a little less powerful.
You expend magic power (3 MP) to strengthen your wands.


Message History

The Hell Sentinel hits you but does no damage.
Xunn comes into view.
Okay, then.
You feel yourself speed up. The toenail golem misses you.
You block the Hell Sentinel's attack. The Hell Sentinel misses you.
Xunn gestures.
Xunn seems to speed up.
You are very lightly contaminated with residual magic.
The toenail golem closely misses you.
Xunn gestures.
You block the chaos spawn's attack.
You feel agile all of a sudden. The chaos spawn closely misses you.
Xunn hits you but does no damage. Xunn hits you but does no damage.
Press: ? - help, v - describe, . - travel
Here: Xunn (silenced, fast)
The floor.
Unknown command.
Unknown command.
Evoke which item? (* to show all) (? for menu, Esc to quit)
You open the lid... ...and a juvenile shockox beast leaps out!
Xunn hits you but does no damage. Xunn hits you but does no damage.
Xunn hits you but does no damage.
Your juvenile shockox beast bursts into living lightning!
The living lightning hits the chaos spawn.
The living lightning hits the toenail golem.
The toenail golem resists.
Your juvenile shockox beast blinks!
Xunn gestures.
Xunn gestures.
Xunn gestures.
The chaos spawn gores your juvenile shockox beast.
Your juvenile shockox beast is engulfed in flames.
Your juvenile shockox beast bursts into living lightning!
The living lightning hits the chaos spawn.
The chaos spawn dies!
Okawaru accepts your kill.
The chaos spawn degenerates into a cloud of primal chaos!
Your juvenile shockox beast blinks!
Evoke which item? (* to show all) (? for menu, Esc to quit)
You reach into the bag... ...but nothing happens.
Xunn gestures.
The dungeon shakes, a horrible noise fills the air, and a portal to some otherworldly place is opened!
Xunn hits you but does no damage.
Evoke which item? (* to show all) (? for menu, Esc to quit)
Zapping:
e - a wand of teleportation (3/9)
Press: ? - help, Shift-Dir - straight line, f - you You feel strangely unstable.
You feel the Orb delaying your translocation!
This wand has 2 charges left.
You block Xunn's attack. Xunn hits you but does no damage.
The hellwing swoops through the air toward you!
The hellwing closely misses you. You block the hellwing's attack.
Xunn barely misses you.
Evoke which item? (* to show all) (? for menu, Esc to quit)
Aiming: Phantom Mirror
Press: ? - help, Dir - move target cursor, f - you Sorry, you can't target yourself.
Okay, then.
Aiming: Phantom Mirror
Press: ? - help, Dir - move target cursor, f - Xunn
Aim: Xunn (fast)
You reflect Xunn with the mirror, and the mirror shatters!
Send 'em back where they came from!
Xunn hits you but does no damage.
Xunn hits Xunn but does no damage.
Xunn hits Xunn.
Xunn gestures.
Xunn hits you but does no damage.
Send 'em back where they came from!
Your orange demon disappears in a puff of smoke!
Your soul eater disappears in a puff of smoke!
Xunn shimmers and vanishes!
Your hearing returns.
Evoke which item? (* to show all) (? for menu, Esc to quit)
Okay, then.
You see here a quarterstaff.
Okay, then.
Unknown command.
Press: ? - help, v - describe, . - travel
Here: Xunn (fast)
The floor.
Okay, then.
You block Xunn's attack.
Your surroundings suddenly seem different.
Your hands slow down. 3 wights come into view.
A wight is wielding a battleaxe of freezing.
Your extra speed is starting to run out.
You feel like a meek peon again.
You feel yourself slow down.
A lorocyproca, an ice devil and a pandemonium lord come into view.
The lorocyproca gives a chilling moan.
Wuvisoch gestures.
Wuvisoch gestures at you. You resist with almost no effort.
The hellion gestures at you.
The sphere of damnation explodes!
The damnation engulfs you!
You die...

........## #####...
.........# ######....=#.
####.....# #####.....#######
###..## ######..<..#####
##..####......###############
#..#......##.................
#.....######.################
# ###.##### #.# ###..## #@#
.#..## #.# ...## #.# ...# #.#
### ...# #.###.# ...##
#z#...# ....## #.2...## ####
..#..## ##z&....# ##..#
.###..## ##.......# #...#


You could see Wuvisoch, a hellion and 2 wights.

Vanquished Creatures
  5 orbs of fire
  4 ancient liches
  A pandemonium lord (Zot:4)
  Boris (Vaults:5)
  The ghost of Kloppie the Slayer, a veteran DrBe of Trog (Vaults:5)
  5 Killer Klowns
  A curse toe (Zot:3)
  A caustic shrike (D:15)
  6 golden dragons
  2 bone dragons
  A Tzitzimitl (Depths:4)
  2 electric golems (Zot:5)
  A Hell Sentinel (D:15)
  9 tentacled monstrosities
  3 liches
  25 Orb Guardians
  7 titans
  Polyphemus (Shoals:3)
  A quicksilver dragon (Zot:5)
  6 acid blobs
  3 death cobs
  2 Executioners
  2 krakens
  Gastronok (Lair:1)
  A draconian monk (Depths:5)
  Agnes (D:15)
  Kirke (Lair:2)
  2 storm dragons
  Frances (Shoals:2)
  5 shadow dragons
  9 tengu reavers
  7 sphinxes
  Ilsuiw (Shoals:4)
  13 nagarajas
  An azure jelly (Slime:1)
  Donald (Shoals:4)
  14 fire giants
  2 draconian knights
  5 ghost moths
  13 frost giants
  An orc warlord (Vaults:1)
  5 draconian annihilators
  4 iron dragons
  27 vault wardens
  A balrug (Depths:3)
  A draconian zealot (Zot:3)
  2 deep elf sorcerers (Vaults:5)
  4 deep elf elementalists (Vaults:5)
  A draconian shifter (Zot:4)
  Louise (Shoals:1)
  A ghoul (Vaults:5)
  5 war gargoyles
  A draconian caller (Depths:5)
  25 ironheart preservers
  An entropy weaver (shapeshifter) (Depths:1)
  A spriggan defender (Depths:4)
  3 entropy weavers
  5 black draconians
  30 stone giants
  5 vampire knights
  25 very ugly things
  9 purple draconians
  5 red draconians
  A lorocyproca (Depths:4)
  2 deep elf demonologists
  Azrael (D:12)
  2 green draconians
  A dire elephant (shapeshifter) (Vaults:5)
  Snorg (D:14)
  13 white draconians
  3 yellow draconians
  5 deep elf annihilators
  6 spark wasps
  6 mottled draconians
  A minotaur (Lab)
  9 merfolk javelineers (Shoals:4)
  18 ettins
  9 merfolk impalers
  The ghost of Lahna the Fighter, a journeyman TrMo of Elyvilon (D:9)
  A deep elf death mage (Vaults:5)
  The ghost of soukkis the Carver, a journeyman DsBe of Trog (Lab)
  3 jiangshi (Depths:5)
  5 crystal guardians
  Josephine (D:14)
  18 fire dragons
  18 yaktaur captains
  Fannar (D:12)
  17 ogre magi
  3 deep elf high priests
  A quicksilver dragon skeleton (Depths:4)
  8 great orbs of eyes
  44 vault guards
  A monstrous demonspawn (Depths:5)
  A spriggan air mage (Depths:5)
  5 hydras
  18 ice dragons
  5 rakshasas
  Erolcha (D:11)
  5 catoblepae
  A juggernaut simulacrum (Depths:4)
  2 death knights
  11 naga warriors
  An alligator snapping turtle (Shoals:2)
  A merfolk avatar (Shoals:4)
  8 anacondas
  14 centaur warriors
  A satyr (Shoals:4)
  24 death yaks
  3 dancing weapons (Depths:4)
  5 merfolk aquamancers
  8 deep troll shamans
  4 tengu warriors
  13 deep troll earth magi
  2 vampire magi
  The ghost of Azzok the Arsonist, a journeyman DEFE of Sif Muna (Lair:2)
  A hell hog (Abyss:3)
  A spriggan berserker (Depths:1)
  A titan zombie (Abyss:3)
  6 shock serpents
  7 orc high priests
  5 deep elf knights
  2 sun demons (Depths:3)
  13 naga sharpshooters
  8 hell knights
  3 iron trolls
  9 skeletal warriors
  7 shadow wraiths
  A spatial maelstrom (Abyss:3)
  2 sixfirhies
  A storm dragon skeleton (Vaults:3)
  An unseen horror (shapeshifter) (Depths:2)
  13 sea snakes
  8 flayed ghosts
  6 hill giants
  An orange crystal statue (Depths:1)
  6 deep elf archers
  3 unseen horrors
  7 wizards
  5 glowing orange brains
  35 deep trolls
  7 naga ritualists
  22 ironbrand convokers
  A lindwurm (Lair:6)
  2 phantasmal warriors (Vaults:5)
  9 harpies
  17 mana vipers
  19 deep elf magi
  5 necromancers
  A mana viper (shapeshifter) (Depths:5)
  A cyclops (shapeshifter) (Vaults:5)
  A wolf spider (shapeshifter) (Vaults:2)
  18 orc knights
  16 manticores
  4 wolf spiders
  31 ugly things
  4 anaconda skeletons (Volcano)
  6 cyclopes
  A salamander (shapeshifter) (D:14)
  A worldbinder (Abyss:3)
  8 fauns
  7 salamanders
  13 moths of wrath
  10 elephants
  An orc sorcerer (Orc:1)
  14 sirens
  2 rust devils
  A black mamba (shapeshifter) (D:13)
  A guardian serpent (Snake:3)
  4 water nymphs
  46 black mambas
  A fire giant skeleton (Depths:4)
  A smoke demon (Depths:4)
  A torpor snail (shapeshifter) (Vaults:5)
  An orange demon (Abyss:3)
  A spiny frog (shapeshifter) (Vaults:3)
  14 vault sentinels
  Psyche (D:9)
  5 gargoyles (Volcano)
  A guardian serpent (shapeshifter) (D:15)
  An eye of devastation (Slime:1)
  17 naga magi
  3 spiny frogs
  A storm dragon simulacrum (Vaults:3)
  63 yaktaurs
  A demonic crawler (Depths:5)
  2 yaktaurs (shapeshifter)
  3 rime drakes
  6 komodo dragons
  4 freezing wraiths
  A tormentor (Zot:5)
  6 ancient zymes (Abyss:3)
  2 red devils (Zot:2)
  A hornet (shapeshifter) (Vaults:3)
  A polar bear (Lair:5)
  25 merfolk
  A meliai (shapeshifter) (Vaults:3)
  5 tengu conjurers
  A wind drake (shapeshifter) (Depths:3)
  3 meliai (D:14)
  A queen bee (shapeshifter) (Vaults:3)
  3 trolls
  A jumping spider (Vaults:5)
  A hornet (Vaults:4)
  A harpy skeleton (Volcano)
  Grinder (D:3)
  8 wind drakes
  22 two-headed ogres
  8 blink frogs
  A raiju (Abyss:3)
  A blink frog (shapeshifter) (Depths:4)
  A frost giant simulacrum (Depths:1)
  37 slime creatures
  An ice dragon zombie (Depths:1)
  19 snapping turtles
  13 hippogriffs
  2 dream sheep (Shoals:1)
  An ettin zombie (Vaults:3)
  6 redbacks
  A stone giant simulacrum (Depths:1)
  2 air elementals (Depths:4)
  An ettin skeleton (Depths:1)
  A spriggan (D:7)
  A ynoxinul (Depths:4)
  A tarantella (Vaults:2)
  2 flying skulls (Volcano)
  2 alligator skeletons (Volcano)
  10 water elementals
  7 wraiths
  4 wyverns
  47 yaks
  A hog (shapeshifter) (Depths:4)
  Eustachio (D:4)
  4 hogs (Snake:1)
  5 small abominations
  7 fire elementals (D:12)
  5 golden eyes
  6 basilisks
  3 hungry ghosts
  2 large abominations (Abyss:3)
  A vampire mosquito (D:12)
  2 chaos spawn
  2 steam dragons (D:11)
  2 mottled dragons
  12 wargs
  61 nagas
  12 water moccasins
  A floating eye (Depths:3)
  13 porcupines
  A porcupine (shapeshifter) (Depths:5)
  A hell hound (D:12)
  An ice beast (shapeshifter) (Depths:3)
  A hell hound (shapeshifter) (Vaults:1)
  60 orc warriors
  A human zombie (Vaults:3)
  5 ice beasts
  2 sky beasts
  13 boggarts
  2 black bears
  4 eyes of draining
  A necrophage (D:11)
  70 ogres
  2 phantoms
  26 wolves
  A human skeleton (Vaults:3)
  29 centaurs
  8 crocodiles
  A big kobold (D:10)
  Blork the orc (D:5)
  8 bullfrogs
  A gnoll sergeant (D:10)
  A wyvern skeleton (D:7)
  2 scorpions
  8 killer bees
  A human simulacrum (Vaults:1)
  6 howler monkeys
  6 wights (D:8)
  2 troll skeletons (Volcano)
  2 spriggan skeletons (Volcano)
  A vampire bat (D:6)
  6 electric eels
  6 centaur zombies
  10 crimson imps
  2 bullfrog zombies
  3 quasits
  19 starcursed masses (Abyss:3)
  6 centaur skeletons
  6 hounds
  15 orc wizards
  29 orc priests
  4 bullfrog skeletons
  2 jellies
  An iron imp (Depths:2)
  Ijyb (D:2)
  7 iguanas
  13 hell rats (Lair:2)
  A shapeshifter simulacrum (Depths:1)
  A statue (D:7)
  14 worker ants
  A hound zombie (D:6)
  A hound skeleton (D:7)
  5 gnolls (D:10)
  17 adders
  A howler monkey skeleton (D:6)
  11 river rats (Lair:2)
  7 shadow imps
  2 ufetubi (Abyss:3)
  An ooze (D:2)
  2 adder zombies
  A worm (shapeshifter) (D:14)
  2 worms
  4 dart slugs (D:1)
  5 leopard geckos
  132 orcs
  A ball python (D:1)
  4 bat skeletons (D:6)
  A bat zombie (D:6)
  7 giant cockroaches
  3 hobgoblins
  9 jackals
  A quokka (D:7)
  2 bats
  3 frilled lizards
  A giant cockroach zombie (D:5)
  6 goblins
  A jackal skeleton (D:4)
  17 kobolds
  A leopard gecko skeleton (D:4)
  18 rats
  A fungus (Lair:3)
  A plant (Lair:6)
  5 tentacles
2299 creatures vanquished.

Vanquished Creatures (collateral kills)
  A chaos spawn (D:8)
1 creature vanquished.

Vanquished Creatures (others)
  A stone giant (Vaults:4)
  A merfolk javelineer (Shoals:4)
  A satyr (Shoals:4)
  A dancing weapon (Depths:4)
  A shadow wraith (Vaults:4)
  An ironbrand convoker (Vaults:1)
  A moth of wrath (Zot:5)
  A naga mage (Snake:4)
  9 yaktaurs
  A flying skull (Volcano)
  A neqoxec (D:15)
  An ogre (Depths:2)
  5 centaurs
  An iron imp (D:15)
  A kobold (D:10)
  A block of ice (D:15)
  15 fungi
  A lurking horror (Abyss:3)
  17 plants
  11 tentacles
72 creatures vanquished.

Grand Total: 2372 creatures vanquished

Notes
Turn   | Place    | Note
-------+----------+-------------------------------------------
     0 | D:1      | RKaid the Gargoyle Gladiator began the quest for the Orb.
     0 | D:1      | Reached XP level 1. HP: 12/12 MP: 1/1
   218 | D:1      | Reached XP level 2. HP: 15/18 MP: 2/2
   555 | D:1      | Reached skill level 3 in Fighting
   761 | D:1      | Reached XP level 3. HP: 23/23 MP: 3/3
  1279 | D:2      | Found a glowing silver altar of Zin.
  1523 | D:2      | Noticed Ijyb
  1568 | D:2      | Killed Ijyb
  1568 | D:2      | Reached skill level 4 in Fighting
  1568 | D:2      | Reached skill level 4 in Maces & Flails
  1568 | D:2      | Reached XP level 4. HP: 28/29 MP: 4/4
  1587 | D:2      | Found a shattered altar of Ashenzari.
  1591 | D:2      | Saw a vision of the Shoals and the Snake Pit.
  1591 | D:2      | Noticed a black mamba
  1591 | D:2      | Noticed a shock serpent
  1591 | D:2      | Noticed a naga ritualist
  1591 | D:2      | Noticed a naga mage
  1591 | D:2      | Noticed an anaconda
  1591 | D:2      | Noticed a mana viper
  1591 | D:2      | Noticed a shock serpent
  1591 | D:2      | Noticed a naga
  1591 | D:2      | Noticed a merfolk
  1591 | D:2      | Noticed a merfolk
  1591 | D:2      | Noticed a sea snake
  1592 | D:2      | Noticed a naga ritualist
  1592 | D:2      | Noticed a sea snake
  1593 | D:2      | Noticed a guardian serpent
  1594 | D:2      | Noticed a naga
  1594 | D:2      | Noticed a merfolk
  1698 | D:2      | Found a blossoming altar of Fedhas.
  1855 | D:2      | Found a glowing golden altar of the Shining One.
  2099 | D:3      | Reached XP level 5. HP: 30/34 MP: 5/5
  2256 | D:3      | Noticed Grinder
  2304 | D:4      | Noticed Sigmund
  2358 | D:4      | Found Utatushay's Jewellery Emporium.
  2436 | D:4      | HP: 8/34 [quasit (2)]
  3016 | D:3      | Reached skill level 5 in Fighting
  3152 | D:3      | Paralysed by Grinder for 7 turns
  3162 | D:3      | Killed Grinder
  3162 | D:3      | Reached skill level 5 in Maces & Flails
  3162 | D:3      | Reached XP level 6. HP: 22/41 MP: 6/6
  3860 | D:4      | Reached skill level 6 in Fighting
  3860 | D:4      | Reached XP level 7. HP: 34/46 MP: 7/7
  3978 | D:4      | Noticed Eustachio
  3993 | D:4      | Killed Eustachio
  3993 | D:4      | Reached skill level 6 in Maces & Flails
  4322 | D:5      | Entered Level 5 of the Dungeon
  4322 | D:5      | Found Acuulud's Assorted Antiques.
  4322 | D:5      | Found Ziodiminn's Armour Emporium.
  4390 | D:5      | Found Vagec's Magic Scroll Shoppe.
  4397 | D:5      | Reached skill level 7 in Fighting
  4403 | D:5      | Found Duatz's Antique Weapon Shoppe.
  4445 | D:5      | Reached XP level 8. HP: 44/53 MP: 8/8
  4572 | D:5      | Reached skill level 7 in Maces & Flails
  4605 | D:5      | Found a sacrificial altar of Ru.
  4775 | D:5      | Found an iron altar of Okawaru.
  4781 | D:5      | Noticed Blork the orc
  4783 | D:5      | Reached skill level 8 in Fighting
  4801 | D:5      | Killed Blork the orc
  4874 | D:5      | Found a shattered altar of Ashenzari.
  4973 | D:5      | Found an opulent altar of Gozag.
  5063 | D:5      | Became a worshipper of Warmaster Okawaru
  5186 | D:5      | Bought a bound silver ring for 110 gold pieces
  5187 | D:5      | Identified the ring of Cusom {+Blink rN+ Dex+3} (You bought it in a shop on level 5 of the Dungeon)
  5695 | D:6      | Found a sparkling altar of Nemelex Xobeh.
  5842 | D:6      | Found an ancient bone altar of Kikubaaqudgha.
  5867 | D:6      | Reached skill level 8 in Maces & Flails
  6071 | D:7      | Reached skill level 9 in Fighting
  6101 | D:7      | Noticed a hippogriff
  6110 | D:7      | Killed a hippogriff
  6110 | D:7      | Reached * piety under Okawaru
  6110 | D:7      | Reached XP level 9. HP: 39/60 MP: 9/9
  6476 | D:7      | Found a radiant altar of Vehumet.
  6655 | D:7      | Found a staircase to the Ecumenical Temple.
  6668 | Temple   | Entered the Ecumenical Temple
  6968 | D:7      | Reached skill level 9 in Maces & Flails
  7422 | D:8      | Reached skill level 10 in Fighting
  7437 | D:8      | Reached ** piety under Okawaru
  7574 | D:8      | Found a shimmering altar of Xom.
  7863 | D:8      | Found a staircase to the Lair.
  7875 | D:8      | Noticed a purple ugly thing
  7897 | D:8      | Killed a purple ugly thing
  7897 | D:8      | Reached skill level 11 in Fighting
  7897 | D:8      | Reached skill level 10 in Maces & Flails
  7897 | D:8      | Reached XP level 10. HP: 43/69 MP: 10/10
  8400 | D:9      | Found a snail-covered altar of Cheibriados.
  8510 | D:9      | Reached *** piety under Okawaru
  8786 | D:9      | Noticed Psyche
  8808 | D:9      | Killed Psyche
  8973 | D:9      | Noticed Lahna's ghost (journeyman TrMo)
  9001 | D:9      | HP: 11/70 [Lahna's ghost (20)]
  9414 | D:5      | Bought a pair of embroidered gloves for 231 gold pieces
  9577 | Lair:1   | Entered Level 1 of the Lair of Beasts
  9734 | Lair:1   | Noticed Gastronok
  9790 | Lair:1   | HP: 17/70 [Gastronok/the air (20)]
  9796 | Lair:1   | Killed Gastronok
  9796 | Lair:1   | Received a gift from Okawaru
  9796 | Lair:1   | Received a gift from Okawaru
  9796 | Lair:1   | Reached **** piety under Okawaru
  9796 | Lair:1   | Reached skill level 12 in Fighting
  9796 | Lair:1   | Reached skill level 11 in Maces & Flails
  9796 | Lair:1   | Reached skill level 3 in Invocations
 10202 | Lair:1   | Reached skill level 4 in Invocations
 10205 | Lair:1   | HP: 13/71 [iguana (8)]
 10613 | Lair:1   | Reached XP level 11. HP: 76/76 MP: 14/14
 10681 | Lair:1   | Noticed a wolf spider
 10690 | Lair:1   | Killed a wolf spider
 11187 | Lair:1   | Reached skill level 5 in Invocations
 11539 | Lair:2   | Found a labyrinth entrance.
 11547 | Lab      | Entered a labyrinth
 11695 | Lab      | Noticed soukkis's ghost (journeyman DsBe)
 11710 | Lab      | Killed soukkis's ghost
 11714 | Lab      | Noticed a minotaur
 11729 | Lab      | HP: 17/76 [minotaur/iron rod (22)]
 11746 | Lab      | HP: 19/76 [minotaur/iron rod (12)]
 11753 | Lab      | Killed a minotaur
 11753 | Lab      | Reached ***** piety under Okawaru
 11755 | Lab      | Got a black opal-encrusted leather armour
 12006 | Lab      | Identified Asmodeus's Catalogue of Slavery
 12006 | Lab      | Identified Gocets's Handbook of Conjuration
 12007 | Lab      | Got a smoking leather armour
 12007 | Lab      | Got a coiled tin amulet
 12021 | Lair:2   | Reached skill level 13 in Fighting
 12057 | Lair:2   | Identified the amulet of Broken Luck {Inacc Int+3} (You found it in a labyrinth)
 12069 | Lair:2   | Identified the +1 leather armour "Hehumej" {rPois MP+9} (You took it off a minotaur in a labyrinth)
 12079 | Lair:2   | Identified the cursed +1 leather armour of Boitwab {rElec MR+ Stlth+} (You found it in a labyrinth)
 12170 | Lair:2   | Reached skill level 12 in Maces & Flails
 12490 | Lair:2   | Received a gift from Okawaru
 12673 | Lair:2   | Noticed Azzok's ghost (journeyman DEFE)
 13191 | Lair:2   | Reached skill level 6 in Invocations
 13236 | Lair:2   | Found a sparkling altar of Nemelex Xobeh.
 13278 | Lair:2   | Learned a level 1 spell: Summon Butterflies
 13281 | Lair:2   | Learned a level 2 spell: Blink
 13284 | Lair:2   | Learned a level 2 spell: Repel Missiles
 13361 | Lair:2   | Killed Azzok's ghost
 13469 | Lair:2   | Found a staircase to the Snake Pit.
 13707 | Lair:2   | Noticed an eight-headed hydra
 13726 | Lair:2   | Killed an eight-headed hydra
 13989 | Lair:1   | Identified a +8 iron rod (9/9) (You took it off a minotaur in a labyrinth)
 14121 | D:5      | Reached XP level 12. HP: 84/84 MP: 17/17
 14129 | D:5      | Bought 3 scrolls of identify for 90 gold pieces
 14309 | Lair:3   | Noticed a dire elephant
 14351 | Lair:1   | Reached skill level 7 in Invocations
 15350 | Lair:3   | Reached skill level 13 in Maces & Flails
 15357 | Lair:3   | Reached skill level 14 in Fighting
 15829 | D:8      | Reached skill level 8 in Invocations
 15940 | D:5      | Bought a morningstar for 100 gold pieces
 16311 | Lair:4   | Noticed a death yak
 16311 | Lair:4   | Noticed a death yak
 16311 | Lair:4   | Noticed a death yak
 16312 | Lair:4   | Noticed a death yak
 16314 | Lair:4   | Noticed a death yak
 16314 | Lair:4   | Noticed a death yak
 16325 | Lair:3   | Killed a death yak
 16351 | Lair:3   | Killed a death yak
 16649 | Lair:4   | Received a gift from Okawaru
 16950 | Lair:3   | Killed a death yak
 17151 | Lair:3   | HP: 18/85 [death yak (12)]
 17152 | Lair:3   | Killed a death yak
 17451 | Lair:3   | Killed a death yak
 17619 | Lair:4   | Killed a death yak
 17619 | Lair:4   | Reached skill level 1 in Armour
 17906 | Lair:4   | Reached skill level 14 in Maces & Flails
 17948 | Lair:4   | Reached skill level 2 in Armour
 17948 | Lair:4   | Reached XP level 13. HP: 80/91 MP: 19/19
 18002 | Lair:4   | Found a staircase to the Shoals.
 18457 | Lair:5   | Reached skill level 3 in Armour
 18661 | Lair:5   | Reached skill level 4 in Armour
 19331 | Lair:5   | Received a gift from Okawaru
 19331 | Lair:5   | Reached skill level 15 in Maces & Flails
 19503 | Lair:5   | Reached skill level 5 in Armour
 20112 | Lair:5   | Reached skill level 6 in Armour
 20370 | Lair:6   | Entered Level 6 of the Lair of Beasts
 20745 | Lair:6   | Found a staircase to the Slime Pits.
 20749 | Lair:6   | Found a viscous altar of Jiyva.
 21079 | Lair:6   | Reached skill level 7 in Armour
 21084 | Lair:6   | Reached ****** piety under Okawaru
 21094 | Lair:6   | Reached skill level 16 in Maces & Flails
 21428 | Lair:6   | Gained mutation: Your large and strong wings let you fly indefinitely. [Gargoyle growth]
 21428 | Lair:6   | Reached XP level 14. HP: 75/96 MP: 20/20
 21790 | Lair:6   | Reached skill level 8 in Armour
 22048 | Lair:6   | Received a gift from Okawaru
 22211 | Lair:6   | Reached skill level 17 in Maces & Flails
 22231 | Lair:6   | Got a vibrating steel ring
 22363 | Lair:6   | Identified the ring "Sogaf" {rF+ AC+3} (You found it on level 6 of the Lair of Beasts)
 22839 | D:9      | Found a roughly hewn altar of Beogh.
 23010 | D:10     | Entered Level 10 of the Dungeon
 23299 | D:10     | Reached skill level 1 in Shields
 23443 | D:10     | Found a shattered altar of Ashenzari.
 23754 | D:10     | Reached skill level 9 in Armour
 23774 | D:10     | Found a hide-covered altar of Uskayaw.
 24168 | D:9      | Killed Lahna's ghost
 24168 | D:9      | Reached skill level 2 in Shields
 24325 | Snake:1  | Entered Level 1 of the Snake Pit
 24325 | Snake:1  | Noticed Kirke
 24363 | Lair:2   | HP: 16/96 [black mamba (10)]
 24849 | Snake:1  | Reached skill level 3 in Shields
 24899 | Snake:1  | Reached skill level 4 in Shields
 25142 | Snake:1  | Received a gift from Okawaru
 25299 | Snake:1  | Reached skill level 10 in Armour
 25301 | Snake:1  | HP: 22/96 [naga sharpshooter/bolt (25)]
 25322 | Snake:1  | Learned a level 1 spell: Apportation
 25638 | Snake:1  | Reached XP level 15. HP: 38/101 MP: 12/21
 26076 | Snake:1  | Got an iridescent shortbow
 26151 | Snake:1  | Reached skill level 11 in Armour
 26271 | Snake:1  | Noticed a nagaraja
 26278 | Snake:1  | Killed a nagaraja
 26656 | Snake:2  | Reached skill level 15 in Fighting
 26857 | Snake:2  | Reached skill level 12 in Armour
 27293 | Snake:2  | Identified a scroll of acquirement
 27323 | Snake:2  | Received a gift from Okawaru
 27994 | Snake:3  | Noticed a nagaraja
 28104 | Snake:3  | Noticed a nagaraja
 28104 | Snake:3  | Noticed a nagaraja
 28207 | Snake:3  | Killed a nagaraja
 28213 | Snake:3  | Reached skill level 13 in Armour
 28231 | Snake:3  | Killed a nagaraja
 28421 | Snake:3  | Killed a nagaraja
 28973 | Snake:3  | Reached XP level 16. HP: 109/109 MP: 22/22
 28984 | Snake:3  | Reached skill level 14 in Armour
 29094 | Snake:3  | Found Meploune's Armour Shoppe.
 29169 | Snake:3  | Reached skill level 16 in Fighting
 29914 | Snake:4  | Entered Level 4 of the Snake Pit
 30045 | Snake:4  | Noticed a nagaraja
 30066 | Snake:4  | Killed a nagaraja
 30215 | Snake:4  | Received a gift from Okawaru
 30244 | Snake:4  | Noticed a nagaraja
 30249 | Snake:4  | Noticed a nagaraja
 30262 | Snake:4  | Killed a nagaraja
 30262 | Snake:4  | Reached skill level 15 in Armour
 30630 | Snake:4  | Killed a nagaraja
 30674 | Snake:4  | Noticed a nagaraja
 30698 | Snake:4  | Killed a nagaraja
 30891 | Snake:4  | Noticed a nagaraja
 30913 | Snake:4  | Noticed a nagaraja
 30922 | Snake:4  | Killed a nagaraja
 30927 | Snake:4  | Killed a nagaraja
 31190 | Snake:4  | Noticed a nagaraja
 31250 | Snake:4  | Killed a nagaraja
 31250 | Snake:4  | Received a gift from Okawaru
 31250 | Snake:4  | Reached skill level 17 in Fighting
 31435 | Snake:4  | Reached skill level 16 in Armour
 31519 | Snake:4  | Noticed a nagaraja
 31708 | Snake:4  | Noticed a nagaraja
 31717 | Snake:4  | Reached XP level 17. HP: 114/118 MP: 23/23
 31787 | Snake:4  | Got a serpentine rune of Zot
 31995 | Lair:2   | Killed Kirke
 32056 | Shoals:1 | Entered Level 1 of the Shoals
 32559 | Shoals:1 | Noticed Louise
 32574 | Shoals:1 | Cast into level 3 of the Abyss (Louise)
 32803 | Abyss:3  | Received a gift from Okawaru
 32983 | Abyss:3  | Paralysed by accursed screaming for 1 turns
 33011 | Abyss:3  | Reached skill level 18 in Fighting
 33121 | Abyss:3  | Found a corrupted altar of Lugonu.
 33219 | Abyss:3  | Noticed a hellephant
 33221 | Abyss:3  | HP: 28/119 [hellephant/blast of flame (33)]
 33572 | Shoals:1 | Escaped the Abyss
 33728 | Shoals:1 | Killed Louise
 33875 | Shoals:1 | Reached skill level 17 in Armour
 34036 | Shoals:2 | Noticed Frances
 34067 | Shoals:2 | Killed Frances
 34662 | Shoals:2 | Found a gateway to a bazaar.
 34842 | Shoals:2 | Noticed a kraken
 34866 | Shoals:2 | Killed a kraken
 35427 | Shoals:3 | Noticed Polyphemus
 35472 | Shoals:3 | Killed Polyphemus
 35472 | Shoals:3 | Received a gift from Okawaru
 35649 | Shoals:3 | Got a faintly humming hat {god gift}
 35663 | Shoals:3 | Identified the +4 hat of the Last Planets {rF++} (Okawaru gifted it to you on level 3 of the Shoals)
 36132 | Shoals:3 | Noticed a kraken
 36143 | Shoals:3 | Killed a kraken
 36143 | Shoals:3 | Reached XP level 18. HP: 122/127 MP: 24/24
 36225 | Shoals:3 | Reached skill level 19 in Fighting
 36236 | Shoals:3 | Reached skill level 18 in Armour
 36426 | Shoals:4 | Entered Level 4 of the Shoals
 36648 | Shoals:4 | Noticed Donald
 36668 | Shoals:4 | Killed Donald
 36780 | Shoals:4 | Found a runed door.
 36894 | Shoals:4 | Noticed Ilsuiw
 36953 | Shoals:4 | Killed Ilsuiw
 37485 | Shoals:4 | Received a gift from Okawaru
 37488 | Shoals:4 | Got a dazzling eveningstar {god gift}
 37507 | Shoals:4 | Identified the +4 eveningstar "Orb Guardian's Death" {venom, +Rage +Inv rPois Int-2} (Okawaru gifted it to you on level 4 of the Shoals)
 37930 | Shoals:4 | Got a barnacled rune of Zot
 38005 | Shoals:4 | Reached skill level 19 in Armour
 38672 | D:11     | Found Kyez's Jewellery Shoppe.
 38698 | D:11     | Reached skill level 20 in Fighting
 38717 | D:11     | Found Hiolloal's General Store.
 38815 | D:11     | Found Zaeciwn's Antique Weapon Emporium.
 38821 | D:11     | Noticed Erolcha
 38827 | D:11     | Killed Erolcha
 38976 | D:11     | Found Imyhi's Magic Scroll Emporium.
 38998 | D:11     | Bought a scroll of identify for 26 gold pieces
 38998 | D:11     | Bought a scroll of teleportation for 39 gold pieces
 38998 | D:11     | Bought a scroll of blinking for 97 gold pieces
 38998 | D:11     | Bought a scroll of enchant armour for 97 gold pieces
 38998 | D:11     | Bought a scroll of identify for 26 gold pieces
 38998 | D:11     | Bought a scroll of fog for 26 gold pieces
 38998 | D:11     | Bought a scroll of teleportation for 39 gold pieces
 39007 | D:11     | Found a flagged portal.
 39080 | D:11     | Received a gift from Okawaru
 39087 | D:11     | Got a bloodstained great mace {god gift}
 39118 | D:11     | Identified the +2 great mace of Reapportionment {venom, *Noise rPois MP+9 Str+7} (Okawaru gifted it to you on level 11 of the Dungeon)
 39123 | Bailey   | Entered a bailey
 39592 | D:11     | Found Biatur's Armour Shoppe.
 39892 | D:12     | Noticed Fannar
 39907 | D:12     | Killed Fannar
 40182 | D:12     | Noticed Azrael
 40202 | D:12     | Killed Azrael
 40276 | D:12     | Found a staircase to the Orcish Mines.
 40639 | Orc:1    | Entered Level 1 of the Orcish Mines
 40757 | Orc:1    | Reached XP level 19. HP: 135/135 MP: 25/25
 40811 | Orc:1    | Found a roughly hewn altar of Beogh.
 40820 | Orc:1    | Found a dark tunnel.
 40868 | Volcano  | Entered a volcano
 40904 | Volcano  | Reached skill level 20 in Armour
 41120 | Volcano  | Received a gift from Okawaru
 41123 | Volcano  | Got a dazzling great mace {god gift}
 41297 | Orc:1    | Found a burning altar of Makhleb.
 41608 | Orc:2    | Entered Level 2 of the Orcish Mines
 41650 | Orc:2    | Found a staircase to the Elven Halls.
 41707 | Orc:2    | Found Sise Ofenuq's Jewellery Shoppe.
 42978 | Orc:2    | Found Lefud's Weapon Boutique.
 43098 | Orc:2    | Found a roughly hewn altar of Beogh.
 43265 | Orc:2    | Found Hyakhlaehi's Jewellery Emporium.
 43265 | Orc:2    | Found Pyheugax's Armour Emporium.
 43266 | Orc:2    | Found Teel's Food Emporium.
 43266 | Orc:2    | Found Koplonem's Jewellery Shoppe.
 43281 | Orc:2    | Bought the +2 pair of boots of Dramatic Exits {+Inv SInv} for 457 gold pieces
 43297 | Orc:2    | Bought the ring "Qupinafa" {MR+ Dex+3 Slay+5} for 830 gold pieces
 43302 | Orc:2    | Bought a +6 amulet of reflection for 325 gold pieces
 43673 | D:13     | Found a gate to the Vaults.
 43701 | D:13     | Reached skill level 21 in Armour
 44236 | D:14     | Received a gift from Okawaru
 44246 | D:14     | Reached skill level 21 in Fighting
 44300 | D:14     | Identified the +6 great mace of Defenestration {drain, rC+ MR++ Str-3 SInv} (Okawaru gifted it to you in a volcano)
 44449 | D:14     | Noticed Josephine
 44466 | D:14     | Killed Josephine
 44811 | D:14     | Noticed Snorg
 44824 | D:14     | Killed Snorg
 45081 | D:15     | Entered Level 15 of the Dungeon
 45094 | D:15     | Noticed Agnes
 45111 | D:15     | Killed Agnes
 45299 | D:15     | Found a staircase to the Depths.
 45930 | Vaults:1 | Entered Level 1 of the Vaults
 45967 | Vaults:1 | Received a gift from Okawaru
 45974 | Vaults:1 | Reached skill level 22 in Armour
 46021 | Vaults:1 | Got a pair of smoking boots {god gift}
 46022 | Vaults:1 | Identified the +1 pair of boots of Resonance {rF+++ MR+ Regen+ Str-4} (Okawaru gifted it to you on level 1 of the Vaults)
 46212 | Vaults:1 | Reached XP level 20. HP: 144/144 MP: 26/26
 46500 | Vaults:1 | Found Qoipp's Magic Scroll Boutique.
 46528 | Vaults:1 | Bought a scroll of blinking for 105 gold pieces
 46528 | Vaults:1 | Bought a scroll of teleportation for 42 gold pieces
 46859 | Vaults:1 | Reached skill level 22 in Fighting
 46896 | Vaults:1 | HP: 25/145 [rakshasa/enchanted trident (20)]
 46909 | Vaults:1 | HP: 26/145 [ironbrand convoker/dire flail (23)]
 46910 | Vaults:1 | HP: 10/145 [vault warden (illusionary)/war axe of venom (37)]
 46937 | Vaults:1 | Received a gift from Okawaru
 47913 | Vaults:2 | Reached skill level 23 in Armour
 48225 | Vaults:2 | Found Jeopnav's Weapon Shop.
 48331 | Vaults:2 | Received a gift from Okawaru
 49179 | Vaults:3 | Reached XP level 21. HP: 133/152 MP: 27/27
 49348 | Vaults:3 | Found a staircase to the Crypt.
 49348 | Vaults:3 | Found a basalt altar of Yredelemnul.
 49349 | Vaults:3 | Found an ancient bone altar of Kikubaaqudgha.
 50185 | Vaults:3 | Found Jirusi's Distillery.
 50236 | Vaults:3 | Bought a potion of haste for 190 gold pieces
 50360 | Vaults:3 | Reached skill level 24 in Armour
 50371 | Vaults:3 | Received a gift from Okawaru
 50379 | Vaults:3 | Got scorched swamp dragon scales {god gift, rPois}
 50380 | Vaults:3 | Identified the +6 swamp dragon scales of Xoivo {rPois rC+ MR+ Int+3, rPois} (Okawaru gifted it to you on level 3 of the Vaults)
 51016 | Vaults:3 | Reached skill level 18 in Maces & Flails
 51795 | Vaults:4 | Received a gift from Okawaru
 51798 | Vaults:4 | Got a smoking plate armour {god gift}
 51800 | Vaults:4 | Identified the +0 plate armour of Bygodgh {Int+4} (Okawaru gifted it to you on level 4 of the Vaults)
 52377 | Vaults:4 | Reached XP level 22. HP: 158/158 MP: 28/28
 53051 | Depths:1 | Entered Level 1 of the Depths
 53145 | Depths:1 | Reached skill level 19 in Maces & Flails
 53145 | Depths:1 | Reached skill level 25 in Armour
 53561 | Depths:1 | Received a gift from Okawaru
 53564 | Depths:1 | Got a warped plate armour {god gift}
 53649 | D:15     | Identified the +8 plate armour of Xilioj {+Inv +Fly rElec Int-4} (Okawaru gifted it to you on level 1 of the Depths)
 53677 | Depths:1 | Paralysed by a great orb of eyes for 5 turns
 53717 | Depths:1 | Noticed a caustic shrike
 53744 | D:15     | Killed a caustic shrike
 54729 | Depths:1 | Paralysed by a great orb of eyes for 5 turns
 54874 | Depths:1 | Found a one-way gate to the infinite horrors of the Abyss.
 55019 | Depths:1 | Noticed a golden dragon
 55038 | Depths:1 | Killed a golden dragon
 55229 | Depths:1 | Found a gateway to Hell.
 55395 | Depths:1 | Found a runed door.
 55697 | Depths:1 | HP: 37/158 [frost giant/bolt of cold[an orange crystal statue] (26)]
 56231 | Depths:1 | Reached skill level 20 in Maces & Flails
 56231 | Depths:1 | Reached XP level 23. HP: 104/164 MP: 29/29
 56498 | Depths:1 | HP: 35/164 [crystal guardian (illusionary)/crystal bolt (19)]
 56503 | Depths:1 | HP: 30/164 [crystal guardian (illusionary)/crystal bolt (48)]
 56912 | Depths:1 | Identified the Tome of the Sinister Mountains
 57025 | Depths:2 | Received a gift from Okawaru
 57025 | Depths:2 | Reached skill level 23 in Fighting
 57025 | Depths:2 | Reached skill level 1 in Evocations
 57049 | Depths:2 | Identified a +0 pair of boots of running (Okawaru gifted it to you on level 2 of the Depths)
 57168 | Depths:2 | Reached skill level 2 in Evocations
 57240 | Depths:2 | HP: 39/164 [necromancer/bolt of cold (19)]
 57674 | Depths:2 | Reached skill level 3 in Evocations
 58081 | Depths:2 | Reached skill level 4 in Evocations
 58450 | Depths:2 | Found Cokhlin's Assorted Antiques.
 58567 | Depths:2 | Found a one-way gate leading to the halls of Pandemonium.
 58790 | Depths:3 | Reached skill level 5 in Evocations
 59012 | Depths:3 | Paralysed by a floating eye for 4 turns
 59231 | Depths:3 | Received a gift from Okawaru
 59245 | Depths:3 | Got a bloodstained cloak {god gift}
 59537 | Depths:3 | Identified the +2 cloak of the Pink Corner {rCorr} (Okawaru gifted it to you on level 3 of the Depths)
 59551 | Depths:3 | Found a gateway to a ziggurat.
 59641 | Depths:3 | Reached skill level 6 in Evocations
 60480 | Depths:4 | Reached skill level 7 in Evocations
 60486 | Depths:4 | Reached XP level 24. HP: 57/172 MP: 29/29
 60981 | Depths:4 | Reached skill level 21 in Maces & Flails
 61364 | Depths:4 | Reached skill level 24 in Fighting
 61364 | Depths:4 | Reached skill level 8 in Evocations
 61432 | Depths:4 | Received a gift from Okawaru
 61915 | Depths:4 | Found a stormy altar of Qazlal.
 61975 | Depths:4 | Got a crude ring mail {god gift}
 61976 | Depths:4 | Identified the +0 ring mail "Emmaen" {Slay+3} (Okawaru gifted it to you on level 4 of the Depths)
 62302 | Depths:5 | Entered Level 5 of the Depths
 63060 | Slime:1  | Entered Level 1 of the Pits of Slime
 63089 | Lair:6   | Reached skill level 9 in Evocations
 63117 | Lair:6   | HP: 43/173 [enormous slime creature (19)]
 64100 | Slime:2  | HP: 42/174 [acid (3)]
 64106 | Slime:2  | HP: 35/174 [slime creature (9)]
 65112 | D:5      | Bought 3 scrolls of teleportation for 135 gold pieces
 65112 | D:5      | Bought a scroll of identify for 30 gold pieces
 65112 | D:5      | Bought a scroll of blinking for 112 gold pieces
 65112 | D:5      | Bought a scroll of magic mapping for 52 gold pieces
 65390 | Vaults:5 | Entered Level 5 of the Vaults
 65555 | Vaults:5 | Reached skill level 10 in Evocations
 65561 | Vaults:5 | Reached XP level 25. HP: 94/180 MP: 30/30
 65605 | Vaults:5 | Received a gift from Okawaru
 66008 | Vaults:5 | Noticed Kloppie's ghost (veteran DrBe)
 66075 | Vaults:5 | Killed Kloppie's ghost
 66075 | Vaults:5 | Reached skill level 22 in Maces & Flails
 66343 | Vaults:5 | Identified Gaipsy's Grimoire of Combat Magic
 66483 | Vaults:5 | Reached skill level 25 in Fighting
 66515 | Vaults:5 | Reached skill level 11 in Evocations
 66574 | Vaults:5 | Reached skill level 3 in Dodging
 66610 | Vaults:5 | Received a gift from Okawaru
 66894 | Vaults:5 | Got a translucent dire flail
 66895 | Vaults:5 | Identified the +2 dire flail "Teosun" {antimagic, rN+} (You found it on level 5 of the Vaults)
 66942 | Vaults:5 | Got a bound brass amulet
 66943 | Vaults:5 | Identified the amulet of Quarrel {RegenMP MR+ SInv} (You found it on level 5 of the Vaults)
 67058 | Vaults:5 | Got a silver rune of Zot
 67095 | Vaults:5 | Reached skill level 4 in Dodging
 67189 | Vaults:5 | Noticed Boris
 67207 | Vaults:5 | Killed Boris
 67584 | Vaults:5 | Noticed an ancient lich
 67617 | Vaults:5 | Killed an ancient lich
 67617 | Vaults:5 | Reached skill level 5 in Dodging
 67762 | Vaults:5 | Reached skill level 6 in Dodging
 68135 | Vaults:5 | Reached XP level 26. HP: 172/188 MP: 31/31
 68208 | Vaults:5 | Reached skill level 7 in Dodging
 68221 | Vaults:5 | Got a scorched ivory ring
 68231 | Vaults:5 | Reached skill level 23 in Maces & Flails
 68236 | Vaults:5 | Identified the cursed ring of the Briny Deep {+Fly rC+ AC-2} (You took it off a fire giant on level 5 of the Vaults)
 68242 | Vaults:5 | Got a crude scale mail
 68246 | Vaults:5 | Identified the Reference Book on Flames and Conjuration
 68265 | Vaults:5 | Got a warped plate armour
 68315 | Vaults:5 | Identified the +7 plate armour "Gygual" {rPois Dex+4} (You found it on level 5 of the Vaults)
 68769 | Vaults:5 | Received a gift from Okawaru
 68903 | D:13     | Got a pair of encrusted gloves
 68914 | D:13     | Identified the +2 pair of gloves of Sioll {rN+ Str+2 Dex-5 SInv} (You acquired it on level 13 of the Dungeon)
 69154 | Depths:5 | Reached skill level 8 in Dodging
 69286 | Depths:5 | Found a gate to the Realm of Zot.
 69545 | Zot:1    | Entered Level 1 of the Realm of Zot
 69559 | Depths:5 | Reached skill level 9 in Dodging
 69626 | Depths:5 | Received a gift from Okawaru
 69635 | Depths:5 | Got a brightly glowing crystal plate armour {god gift}
 69857 | Depths:5 | Identified the +0 crystal plate armour of Woocw {rCorr} (Okawaru gifted it to you on level 5 of the Depths)
 69975 | Zot:3    | Noticed an orb of fire
 70263 | Zot:2    | Gained mutation: Your body sometimes deteriorates upon taking damage. [an orb of fire]
 70271 | Zot:2    | Killed an orb of fire
 70527 | Zot:3    | Reached skill level 10 in Dodging
 71089 | Zot:4    | Reached skill level 24 in Maces & Flails
 71162 | Zot:4    | Reached XP level 27. HP: 77/193 MP: 31/31
 71553 | Zot:4    | Reached skill level 11 in Dodging
 71603 | Zot:4    | Received a gift from Okawaru
 71667 | Zot:4    | Noticed an orb of fire
 71678 | Zot:4    | Gained mutation: Potions and wands are less effective at restoring your health. [an orb of fire]
 71684 | Zot:4    | Gained mutation: You are clumsy. (Dex -2) [an orb of fire]
 71687 | Zot:4    | Killed an orb of fire
 71724 | Zot:5    | Entered Level 5 of the Realm of Zot
 72402 | Zot:5    | Reached skill level 12 in Dodging
 72404 | Zot:5    | Received a gift from Okawaru
 72427 | Zot:5    | Noticed an orb of fire
 72458 | Zot:5    | Gained mutation: Your spells are a little easier to cast, but a little less powerful. [an orb of fire]
 72466 | Zot:5    | Gained mutation: You tend to lose your temper in combat. [an orb of fire]
 72472 | Zot:5    | Killed an orb of fire
 72478 | Zot:5    | Noticed an orb of fire
 72502 | Zot:5    | Killed an orb of fire
 72882 | Zot:5    | Noticed an ancient lich
 72893 | Zot:5    | Killed an ancient lich
 72893 | Zot:5    | Received a gift from Okawaru
 72953 | Zot:5    | Noticed an ancient lich
 72961 | Zot:5    | Killed an ancient lich
 72961 | Zot:5    | Reached skill level 25 in Maces & Flails
 73173 | Zot:5    | Noticed an orb of fire
 73181 | Zot:5    | Reached skill level 13 in Dodging
 73207 | Zot:5    | Killed an orb of fire
 73295 | Zot:5    | Noticed an ancient lich
 73320 | Zot:5    | Killed an ancient lich
 73446 | Zot:5    | Got the Orb of Zot
 73525 | Zot:5    | Reached skill level 14 in Dodging
 73570 | Zot:4    | Noticed Maew Faerph the pandemonium lord
 73582 | Zot:4    | Paralysed by a floating eye for 4 turns
 73590 | Zot:4    | Paralysed by a floating eye for 3 turns
 73598 | Zot:4    | Noticed Boinicu the pandemonium lord
 73602 | Zot:4    | Paralysed by a floating eye for 4 turns
 73605 | Zot:4    | Gained mutation: You expend magic power (3 MP) to strengthen your wands. [a neqoxec]
 73619 | Zot:4    | Noticed Fuihacem the pandemonium lord
 73655 | Zot:4    | Killed Fuihacem the pandemonium lord
 73727 | Zot:3    | Received a gift from Okawaru
 73733 | Zot:3    | HP: 39/193 [white draconian zealot/damnation (18)]
 73738 | Zot:3    | HP: 25/193 [white draconian zealot/divine providence (11)]
 73740 | Zot:3    | HP: 11/193 [white draconian zealot/divine providence (14)]
 73745 | Zot:3    | HP: 24/193 [white draconian zealot/divine providence (15)]
 73750 | Zot:3    | HP: 48/193 [white draconian zealot/divine providence (12)]
 73821 | Zot:2    | Noticed Qihosh the pandemonium lord
 74089 | Depths:4 | Reached skill level 26 in Maces & Flails
 74111 | Depths:3 | Noticed Jacotun the pandemonium lord
 74111 | Depths:3 | Noticed an ancient lich
 74192 | D:15     | Noticed Sebluemi the pandemonium lord
 74204 | D:15     | HP: 27/193 [Sebluemi the pandemonium lord/great icy blast (39)]
 74214 | D:15     | HP: 47/193 [soul eater/drain life[Sebluemi] (9)]
 74218 | D:15     | HP: 8/193 [Sebluemi the pandemonium lord/great icy blast (63)]
 74223 | D:15     | HP: 14/193 [acid (3)]
 74341 | D:8      | HP: 28/193 [Hell Sentinel/damnation (37)]
 74348 | D:8      | HP: 21/193 [Hell Sentinel (18)]
 74351 | D:8      | Noticed Xunn the pandemonium lord
 74399 | D:8      | Noticed Wuvisoch the pandemonium lord
 74406 | D:8      | Killed from afar by a hellion

Skill      XL: |  1  2  3  4  5  6  7  8  9 10 11 12 13 14 15 16 17 18 19 20 21 22 23 24 25 26 27 |
---------------+----------------------------------------------------------------------------------+-----
Fighting       | 3 4 5 6 7 9 11 12 13 14 15 17 18 20 21 22 23 24 25 | 25.0
Maces & Flails | 4 5 6 8 10 11 12 14 16 17 18 20 21 22 24 26 | 26.0
Invocations    | 4 6 8 |  8.8
Armour         | 2 7 10 13 16 17 19 22 23 24 25 | 25.7
Shields        | 4 |  4.2
Evocations     | 7 10 11 | 11.0
Dodging        | 6 10 14 | 14.6
Throwing       | |  1.7

Action                   |  1- 3 |  4- 6 |  7- 9 | 10-12 | 13-15 | 16-18 | 19-21 | 22-24 | 25-27 || total
-------------------------+-------+-------+-------+-------+-------+-------+-------+-------+-------++-------
Melee: Flail             |   143 |    75 |       |   283 |       |       |       |       |       ||   501
       Whip              |       |    95 |   332 |   385 |       |       |       |       |       ||   812
       Punch             |       |       |       |     9 |     3 |       |       |       |       ||    12
       Morningstar       |       |       |       |   122 |  1313 |       |       |       |       ||  1435
       Great mace        |       |       |       |       |    24 |       |       |       |       ||    24
       Demon whip        |       |       |       |       |   337 |  1879 |  2059 |  1987 |  1285 ||  7547
       Eveningstar       |       |       |       |       |       |   223 |       |       |   617 ||   840
Throw: Throwing net      |       |       |       |     3 |       |       |       |       |       ||     3
Invok: Heroism           |       |       |       |     9 |     8 |     6 |     4 |     7 |    10 ||    44
       Finesse           |       |       |       |     2 |     3 |     6 |     3 |     5 |     9 ||    28
 Abil: Fly               |       |       |       |       |     1 |       |       |       |       ||     1
Evoke: Wand              |       |       |     3 |     4 |     3 |     2 |     6 |     5 |    29 ||    52
       Lamp of fire      |       |       |       |       |       |       |       |       |     1 ||     1
       Box of beasts     |       |       |       |       |       |       |       |       |     1 ||     1
       Sack of spiders   |       |       |       |       |       |       |       |       |     1 ||     1
       Phantom mirror    |       |       |       |       |       |       |       |       |     1 ||     1
  Use: Scroll            |       |     4 |     7 |    15 |    14 |    19 |     9 |    13 |    27 ||   108
       Potion            |       |     1 |       |     5 |       |     2 |     3 |     4 |    16 ||    31
 Stab: Held in net/web   |       |       |       |     2 |       |       |       |       |       ||     2
       Sleeping          |       |       |       |     1 |     1 |       |       |       |       ||     2
       Petrified         |       |       |       |       |       |     6 |       |     1 |       ||     7
       Paralysed         |       |       |       |       |       |       |       |     3 |       ||     3
  Eat: Chunk             |     2 |     5 |    10 |    18 |    20 |    16 |    26 |    12 |     3 ||   112
       Royal jelly       |       |     1 |       |     1 |     1 |     2 |     2 |       |       ||     7
       Beef jerky        |       |       |     2 |     1 |     3 |     1 |     1 |     1 |     2 ||    11
       Fruit             |       |       |       |     7 |     3 |     3 |     3 |       |       ||    16
       Bread ration      |       |       |       |     1 |     2 |     4 |     1 |     7 |     5 ||    20
       Pizza             |       |       |       |       |       |     2 |       |       |     1 ||     3
Armor: Leather armour    |    60 |   192 |   134 |   236 |    84 |       |       |       |       ||   706
       Plate armour      |       |       |       |       |  1018 |  1175 |   789 |  1201 |   543 ||  4726
       Crystal plate arm |       |       |       |       |       |       |       |       |   727 ||   727
Dodge: Dodged            |    95 |   248 |   166 |   305 |   464 |   536 |   356 |   662 |   720 ||  3552
Block: Other             |       |       |       |    84 |   125 |       |       |       |       ||   209
       Reflection        |       |       |       |     3 |    43 |   140 |    84 |   136 |    88 ||   494
       Buckler           |       |       |       |       |   454 |   990 |   831 |  1165 |  1169 ||  4609

Vault maps used:
D:1:      minmay_arrival_doors
D:2:      lemuel_crystal_altar, lemuel_coloured_pillars_altar, fedhas_altar_4,
          grunt_ashenzari_visionary, uniq_iyjb
D:3:      minmay_curled_crystal, uniq_grinder
D:4:      serial_shops, shop, uniq_sigmund, uniq_eustachio
D:5:      lemuel_doored_altar, nicolae_overflow_crystal_walls,
          okawaru_gym_becter, nicolae_ru_awakened_eye, first_bread,
          serial_shops, nicolae_shop_statue_plus, shop, shop,
          nicolae_shop_window_shopping, serial_bayou_pond_e, uniq_blork_the_orc
D:6:      marbit_many_paths, kennysheep_vampire_church
D:7:      vehumet_statue, the_bakery, serial_bayou_lagoon_a, st_stairs_9
D:8:      lair_0_dummy, tgw_xom
D:9:      kennysheep_mini_moat, hangedman_decor_riveting, stair_cage_cross,
          david_defended_altar_orc, uniq_psyche
D:10:     serial_glass, glass_columns_a, glass_columns_b,
          hangedman_feature_mirror
D:11:     enter_bailey_2, serial_shops, nicolae_shop_trees, nicolae_shop_trees,
          nicolae_shop_statue_plus, shop, shop, serial_glass, glass_columns_a,
          glass_columns_a, grunt_ministairs_2, hangedman_decor_points,
          kennysheep_generic_room_6, uniq_erolcha
D:12:     orc_0_dummy, chequers_big_river, minmay_variable_closet,
          minmay_joined_circles, uniq_azrael, uniq_fannar
D:13:     erik_vaults_2
D:14:     kennysheep_pointless_box, corexii_corridor_pit, uniq_josephine,
          uniq_snorg
D:15:     hangedman_depths_entry_civil_slaughter, minmay_misc_feat_five,
          uniq_agnes
Temple:   dpeg_chambers_temple
Lair:1:   minmay_lair_venomous_thicket, beast_lair_carwin_5, uniq_gastronok
Lair:2:   lemuel_ratsnest, guppyfry_snake_entry_island, basic_altar,
          lab_entry_generic, grunt_megastairs_4
Lair:3:   minmay_lair_oklob_chamber
Lair:4:   elwin_shoals_entry_rooms
Lair:5:   patterned_corridor, lemuel_fruit_fields, grunt_megastairs_2
Lair:6:   evilmike_catoblepas_cave, slime_altar_1, st_stairs_10, minivault_27,
          disabler_island, infiniplex_staircase_pool_2, lemuel_fruit_tree
Shoals:1: uniq_louise
Shoals:2: serial_shops, bzr_entry_road, nicolae_shoals_this_corrosion,
          uniq_frances
Shoals:3: uniq_polyphemus
Shoals:4: shoals_end_simple, shoals_ilsuiw_alternative, lightli_airlock,
          uniq_donald
Snake:1:  st_stairs_4, grunt_ministairs_13, uniq_kirke
Snake:2:  cheibrodos_forgotten_conduit, grunt_ministairs_10,
          nicolae_snake_biting_tails, spider_trap
Snake:3:  serial_shops, nicolae_shop_crystal
Snake:4:  minmay_snake_end_coiled, serial_bayou_pond_a
Orc:1:    nicolae_volcano_entry_hallway, basic_altar, bloody_makhleb
Orc:2:    st_orc_pillars, serial_shops, nicolae_shop_behind_doors, shop,
          abandoned_shop, kennysheep_orc_chapel
Vaults:1: hangedman_vaults_river_flow, nicolae_vaults_network_star,
          nicolae_vaults_little_squares_3, nicolae_vaults_inception_corners,
          v_misc_33, vaults_room_corners, vaults_room_pools,
          dpeg_vaults_monster_doublerow, dpeg_vaults_monster_row, v_misc_8,
          vaults_dpeg_ring, ontoclasm_vaults_twist, serial_shops, shop
Vaults:2: v_misc_31, st_check, v_misc_29, v_misc_18, vaults_room_fancy_cross,
          nicolae_vaults_circle_grid_b, nicolae_vaults_shelves_hall, v_misc_11,
          v_alt_pattern_1, vaults_mumra_hexcomb, serial_shops, shop
Vaults:3: nicolae_vaults_arrows, nicolae_vaults_windows_and_doors_thing,
          v_rooms_1, hangedman_vaults_cutoff, v_misc_27,
          minmay_crypt_entry_necro_gods, nicolae_vaults_three_branches,
          ontoclasm_vaults_fault, nicolae_vaults_specimen_jars,
          ontoclasm_vaults_loading_screen, serial_shops, shop
Vaults:4: hangedman_vaults_stretched_pinwheel, hangedman_vaults_unwind,
          v_misc_11, v_misc_15, hangedman_vaults_snaps, hangedman_vaults_trim,
          nicolae_vaults_alarming, v_misc_29, nicolae_vaults_little_squares_1,
          vaults_dpeg_diagonal, vaults_dpeg_encased_lava
Vaults:5: serial_shops, uniq_boris
Depths:1: nicolae_legendary_halls, abyss_entry, grunt_hell_entry_dis_mu,
          hangedman_glass_teeth, st_stairs_7, minmay_crystal_box
Depths:2: evilmike_cross, rand_demon_pan_entry_4, hangedman_tar_grid_catacomb,
          serial_shops, nicolae_shop_stone, infiniplex_staircase_squiggle
Depths:3: nicolae_whirlpool, enter_ziggurat_e, lightli_too_deep, pan_entry,
          st_stairs_14, kennysheep_random_hallway, serial_bayou_shore_a,
          infiniplex_staircase_spiral
Depths:4: regret_index_qazlal_generations, serial_bayou_pond_a, abyss_entry,
          hell_entry
Depths:5: grunt_zot_entry_tricorne, hell_entry, serial_sigils_hangedman_writhe,
          rand_demon_pan_entry_9, serial_bayou_shore_b
Zot:1:    grunt_ministairs_13, st_small_dragon_hoard_2,
          hangedman_zot_decor_unnerving_road
Zot:3:    kennysheep_spiral_hall
Zot:4:    grunt_zot_stairs_mandelzot, grunt_megastairs_3
Abyss:3:  evilmike_abyss_rune_elephants_shrine
Lab:      labyrinth_watery, labyrinth_skeletal_remains, nicolae_lab_arrow,
          nicolae_lab_t_cross, nicolae_lab_starburst, labyrinth_lava_lair
Bailey:   bailey_polearm_flooded_kennysheep, bailey
Volcano:  volcano_tomb

Table legend:
 A = Turns spent in this place as a percentage of turns spent in the entire game.
 B = Non-inter-level travel turns spent in this place as a percentage of non-inter-level travel turns spent in the entire game.
 C = Inter-level travel turns spent in this place as a percentage of turns spent in this place.
 D = Turns resting spent in this place as a percentage of non-inter-level travel turns spent in this place.
 E = Turns spent auto-exploring this place as a percentage of non-inter-level travel turns spent in this place.
 F = Non-inter-level travel turns spent in this place divided by the number of levels of this place that you've seen.
                   A       B       C       D       E      F
               +-------+-------+-------+-------+-------+----------------------
         Total | 100.0 | 100.0 |   0.5 |   2.1 |   4.4 | 519.0
       Dungeon |  18.4 |  18.3 |   1.1 |   1.5 |   8.1 | 341.9
        Temple |   0.1 |   0.1 |   3.7 |   0.0 |  57.7 |  26.0
          Lair |  14.9 |  14.8 |   0.8 |   3.4 |   2.7 | 692.5
        Shoals |   8.3 |   8.3 |   0.2 |   1.8 |   3.2 | 584.5
     Snake Pit |  10.0 |  10.0 |   0.4 |   2.4 |   3.8 | 700.0
    Slime Pits |   0.8 |   0.8 |   0.0 |   6.1 |   0.0 |  71.3
  Orcish Mines |   3.3 |   3.3 |   0.2 |   2.6 |   7.8 | 461.5
        Vaults |  17.8 |  17.9 |   0.2 |   1.3 |   4.7 | 1001.4
        Depths |  14.2 |  14.2 |   0.5 |   2.0 |   3.7 | 796.2
           Zot |   7.6 |   7.7 |   0.1 |   2.0 |   0.3 | 429.8
         Abyss |   1.8 |   1.8 |   0.0 |   7.3 |   0.0 | 518.0
     Labyrinth |   0.9 |   0.9 |   0.0 |   2.6 |   0.0 | 265.0
        Bailey |   0.8 |   0.8 |   0.0 |   0.0 |  17.0 | 218.0
       Volcano |   1.1 |   1.1 |   0.0 |   0.7 |   0.7 | 305.0
               +-------+-------+-------+-------+-------+----------------------

Table legend:
 A = Kills in this place as a percentage of kills in entire the game.
 B = Kills by you in this place as a percentage of kills by you in the entire game.
 C = Kills by friends in this place as a percentage of kills by friends in the entire game.
 D = Other kills in this place as a percentage of other kills in the entire game.
 E = Experience gained in this place as a percentage of experience gained in the entire game.
 F = Experience gained in this place divided by the number of levels of this place that you have seen.
                   A       B       C       D       E      F
               +-------+-------+-------+-------+-------+----------------------
         Total | 100.0 | 100.0 | 100.0 | 100.0 | 100.0 | 27950.9
       Dungeon |  17.6 |  17.7 | 100.0 |   4.8 |   5.2 | 5262.1
          Lair |  10.5 |  10.6 |   0.0 |   0.0 |   4.9 | 12214.7
        Shoals |   6.7 |   6.7 |   0.0 |   9.5 |   6.3 | 23795.5
     Snake Pit |   8.9 |   8.9 |   0.0 |   4.8 |   7.5 | 28386.8
    Slime Pits |   0.9 |   0.9 |   0.0 |   0.0 |   1.0 | 5015.7
  Orcish Mines |   6.1 |   6.2 |   0.0 |   0.0 |   1.3 | 10017.0
        Vaults |  22.9 |  23.0 |   0.0 |  19.0 |  29.5 | 88967.6
        Depths |  16.2 |  16.0 |   0.0 |  42.9 |  22.8 | 68783.6
           Zot |   5.4 |   5.5 |   0.0 |   0.0 |  20.0 | 60322.6
         Abyss |   2.0 |   2.1 |   0.0 |   0.0 |   0.7 | 10693.0
     Labyrinth |   0.1 |   0.1 |   0.0 |   0.0 |   0.2 | 2325.0
        Bailey |   1.7 |   1.5 |   0.0 |  19.0 |   0.2 | 2313.0
       Volcano |   0.9 |   0.9 |   0.0 |   0.0 |   0.5 | 7618.0
               +-------+-------+-------+-------+-------+----------------------
